 Dungeon Crawl Stone Soup version 0.28.0-1-gb440e238dd (webtiles) character file.

Game seed: 17169519777049579830

323 bande the Covered (level 6, -2/38 HPs)
             Began as a Gargoyle Fighter on Feb 21, 2022.
             Slain by Pikel (3 damage)
             ... on level 4 of the Dungeon.
             The game lasted 00:06:25 (3452 turns).

bande the Covered (Gargoyle Fighter)                Turns: 3452, Time: 00:06:26

Health: -2/38      AC: 14    Str: 25    XL:     6   Next: 47%
Magic:  6/6        EV:  9    Int:  9    God:
Gold:   221        SH:  4    Dex: 11    Spells: 5/5 levels left

rFire   . . .      SeeInvis .   a - +1 war axe (freeze)
rCold   . . .      Faith    .   c - +0 buckler
rNeg    + . .      Spirit   .   b - +0 scale mail
rPois   ∞          Reflect  .   h - +0 helmet
rElec   +          Harm     .   (no cloak)
rCorr   .          Rampage  .   n - +0 pair of gloves
Will    +....                   (no boots)
Stlth   ..........              (no amulet)
HPRegen 0.12/turn               o - ring of willpower
MPRegen 0.10/turn               m - +6 ring of strength

@: no status effects
A: sickness immunity, AC +4, negative energy resistance 1, electricity
resistance, torment resistance 1, petrification resistance
a: no special abilities


You were on level 4 of the Dungeon.
You visited 1 branch of the dungeon, and saw 4 of its levels.

You collected 221 gold pieces.

Inventory:

Hand Weapons
 a - a +1 war axe of freezing (weapon)
Armour
 b - a +0 scale mail (worn)
 c - a +0 buckler (worn)
 h - a +0 helmet (worn)
 n - a +0 pair of gloves (worn)
Jewellery
 e - a ring of flight
 l - a ring of positive energy
 m - a +6 ring of strength (right hand)
 o - a ring of willpower (left hand)
 r - a +4 ring of protection
Wands
 p - a wand of charming (5)
Scrolls
 q - 3 scrolls of identify
Potions
 d - a potion of might
 f - a potion of flight
 g - a potion of curing
 i - a potion of mutation {unknown}
 j - a potion of invisibility {unknown}
 k - a potion of brilliance {unknown}
 s - a potion of cancellation {unknown}


   Skills:
 + Level 4.2 Fighting
 + Level 4.3 Axes
 + Level 4.4 Armour
 + Level 3.8 Shields
 * Level 1.4 Evocations


You had 5 spell levels left.
You didn't know any spells.
Your spell library contained the following spells:

 Spells                   Type           Power      Damage    Failure   Level
 Animate Skeleton         Necr           0%         N/A       77%         1
 Apportation              Tloc           0%         N/A       77%         1
 Summon Small Mammal      Summ           0%         N/A       77%         1
 Static Discharge         Conj/Air       0%         N/A       88%         2
 Lightning Bolt           Conj/Air       0%         1d11      100%        5
 Maxwell's Capacitive Co  Air            0%         ∞         100%        8


Dungeon Overview and Level Annotations

Branches:
Dungeon (4/15)
 Temple: D:4-7

Altars:
Cheibriados

Shops:
D:3 [   D:4 =

Annotations:
D:4 Pikel


Innate Abilities, Weirdness & Mutations

You are immune to sickness and miasma.
Your stone body is resilient. (AC +4)
You are immune to poison.
You resist negative energy. (rN+)
You are resistant to electric shocks. (rElec)
You are resistant to unholy torment.
You are immune to petrification.


Message History

Pikel hits you but does no damage. You block the lemure's attack.
You barely miss the lemure.
The lemure is heavily wounded.
You hit Pikel but do no damage.
Pikel hits you with a +0 whip of flaming.
Pikel burns you. The lemure hits you but does no damage.
Pikel hits you but does no damage.
You closely miss the lemure.
The lemure is heavily wounded.
You hit Pikel. You freeze Pikel. The lemure closely misses you.
Pikel hits you with a +0 whip of flaming.
Pikel burns you.
You are too injured to fight recklessly!
You are too injured to fight recklessly!
You are too injured to fight recklessly!
You are too injured to fight recklessly!
You are too injured to fight recklessly!
You are too injured to fight recklessly!
You are too injured to fight recklessly!
You are too injured to fight recklessly!
You are too injured to fight recklessly!
You are too injured to fight recklessly!
You hit Pikel. You freeze Pikel.
Pikel is moderately wounded.
You barely miss the lemure. The lemure hits you but does no damage.
Pikel hits you with a +0 whip of flaming!
* * * LOW HITPOINT WARNING * * *
Pikel burns you.
* * * LOW HITPOINT WARNING * * *
The lemure barely misses you.
You hit Pikel but do no damage.
Pikel is moderately wounded.
You block Pikel's attack.
You closely miss Pikel.
Pikel is moderately wounded.
Pikel hits you but does no damage.
Pikel hits you with a +0 whip of flaming.
* * * LOW HITPOINT WARNING * * *
Pikel burns you.
You die...

#.....# #.# #.....#
#.# #.....# #.#
#.....######.#
#.....#...##.#
########.[...#...##.#
#............'......#
##)###########...####
#..@K5# #...# #####5#
###...## .# #......#
5# #......# 5#
#......# .# ########
.# .#


You could see Pikel and 2 lemures.

Vanquished Creatures
  Duvessa (D:4)
  Dowan (D:4)
  Robin (D:3)
  3 gnolls (D:4)
  4 adders (D:2)
  An adder skeleton (D:3)
  A worm (D:2)
  A dart slug (D:1)
  15 orcs
  2 endoplasms
  3 giant cockroaches (D:3)
  12 goblins
  8 hobgoblins
  6 kobolds
  A quokka (D:1)
  A ball python (D:4)
  8 bats
  2 frilled lizards
  5 rats
76 creatures vanquished.

Notes
Turn   | Place    | Note
-------+----------+-------------------------------------------
     0 | D:1      | bande the Gargoyle Fighter began the quest for the Orb.
     0 | D:1      | Reached XP level 1. HP: 14/14 MP: 1/1
   314 | D:1      | Reached XP level 2. HP: 19/19 MP: 2/2
  1119 | D:1      | Reached XP level 3. HP: 21/23 MP: 3/3
  1641 | D:2      | Reached XP level 4. HP: 26/29 MP: 4/4
  1925 | D:2      | Found a snail-covered altar of Cheibriados.
  2498 | D:3      | Noticed Robin
  2507 | D:3      | Killed Robin
  2508 | D:3      | Reached XP level 5. HP: 17/33 MP: 5/5
  2772 | D:3      | Found Xeffip's Armour Emporium.
  3024 | D:4      | Noticed Duvessa
  3029 | D:4      | Noticed Dowan
  3031 | D:4      | Killed Duvessa
  3032 | D:4      | Reached skill level 1 in Evocations
  3032 | D:4      | Reached XP level 6. HP: 27/38 MP: 6/6
  3044 | D:4      | Killed Dowan
  3319 | D:4      | Found Darualoita's One-of-a-Kind Rings.
  3435 | D:4      | Noticed Pikel
  3452 | D:4      | HP: 1/38 [Pikel (6)]
  3452 | D:4      | Slain by Pikel

Illustrated notes

Levels and vault maps discovered:
D:1:      eino_arrival_water_star, layout_loops_corners
D:2:      layout_basic, basic_altar, wander_ebering_terrifying_dragon_lair
D:3:      layout_basic, serial_shops, shop_coins, uniq_robin
D:4:      layout_basic, nicolae_shop_unique_rings, uniq_pikel, uniq_duvessa

Skill      XL: |  1  2  3  4  5  6 |
---------------+-------------------+-----
Axes           | 2 3 4 |  4.3
Armour         | 4 |  4.4
Fighting       | 4 |  4.2
Evocations     | 1 |  1.4
Shields        | |  3.8

Action                   |  1- 3 |  4- 6 || total
-------------------------+-------+-------++-------
Melee: War axe           |    83 |    98 ||   181
  Use: Scroll            |     4 |     4 ||     8
Armor: Scale mail        |    60 |    77 ||   137
Dodge: Dodged            |    52 |    58 ||   110
Block: Buckler           |    18 |    24 ||    42
